 Dungeon Crawl Stone Soup version 0.31-a0-496-g6f97920a28 (webtiles) character file.

Game seed: 18227953739872350302

210 bmack86 the Chopper (level 5, -4/45 HPs)
             Began as a Minotaur Fighter on Aug 9, 2023.
             Was an Initiate of Okawaru.
             Slain by a black bear (7 damage)
             ... on level 5 of the Dungeon.
             The game lasted 00:05:26 (2916 turns).

bmack86 the Chopper (Minotaur Fighter)              Turns: 2916, Time: 00:05:27

Health: -4/45      AC:  9    Str: 23    XL:     5   Next: 56%
Magic:  4/4        EV:  9    Int:  5    God:    Okawaru [......]
Gold:   218        SH:  4    Dex:  9    Spells: 4/4 levels left

rFire   . . .        a - +3 war axe
rCold   . . .        c - +0 buckler
rNeg    . . .        b - +0 scale mail
rPois   .            (helmet restricted)
rElec   .            n - +0 cloak
rCorr   .            f - +0 pair of gloves
SInv    .            (no boots)
Will    .....        (no amulet) Stlth
                     (no ring)
HPRegen 0.27/turn    (no ring)
MPRegen 0.09/turn

%: no passive effects
@: no status effects
A: horns 2, retaliatory headbutt
a: Renounce Religion


You were on level 5 of the Dungeon.
You worshipped Okawaru.
Okawaru was noncommittal.
You visited 2 branches of the dungeon, and saw 6 of its levels.

You collected 218 gold pieces.

Inventory:

Hand Weapons
 a - a +3 war axe (weapon)
Missiles
 o - 4 javelins
 p - 8 boomerangs (quivered)
Armour
 b - a +0 scale mail (worn)
 c - a +0 buckler (worn)
 f - a +0 pair of gloves (worn)
 n - a +0 cloak (worn)
Scrolls
 e - 3 scrolls of poison
 u - a scroll of silence {unknown}
 w - a scroll of brand weapon {unknown}
 x - 3 scrolls of blinking {unknown}
 y - a scroll of amnesia {unknown}
 z - a scroll of fog {unknown}
Potions
 d - a potion of might
 g - 3 potions of curing
 h - a potion of enlightenment
 k - a potion of heal wounds
 l - 2 potions of brilliance
 s - a potion of experience {unknown}
 t - a potion of berserk rage {unknown}
 v - 2 potions of attraction


   Skills:
 - Level 3.6 Fighting
 * Level 7.1 Axes
 - Level 3.6 Armour
 - Level 3.6 Shields
 + Level 0.0 Invocations


You had 4 spell levels left.
You didn't know any spells.
Your spell library contained the following spells:

 Spells                   Type           Power      Damage    Failure   Level
 Blink                    Tloc           0%         N/A       94%         2
 Lesser Beckoning         Tloc           0%         N/A       94%         2
 Momentum Strike          Conj/Tloc      0%         3d8       94%         2
 Orb of Destruction       Conj           0%         9d5       100%        7
 Summon Guardian Golem    Hex/Summ       Unusable   N/A       N/A         3
 Spellforged Servitor     Conj/Summ      Unusable   N/A       N/A         7

Dungeon Overview and Level Annotations

Branches:
Dungeon (5/15)             Temple (1/1) D:5

Altars:
Ashenzari
Dithmenos
Elyvilon
Fedhas
Gozag
Hepliaklqana
Kikubaaqudgha
Nemelex Xobeh
Okawaru
Qazlal
Ru
Sif Muna
Trog
Uskayaw
Vehumet
Wu Jian
Xom
Yredelemnul
Zin
The Shining One

Annotations:
D:3 2 runed translucent doors, Sabo's ghost, amateur DsGl
D:4 3 runed translucent doors, SirDiesAlot's ghost, amateur OpSh
D:5 Eustachio


Innate Abilities, Weirdness & Mutations

You have a pair of horns on your head.
You reflexively headbutt those who attack you in melee.


Message History

Eustachio hits you with a +0 rapier of flaming!
* * * LOW HITPOINT WARNING * * *
Eustachio burns you.
* * * LOW HITPOINT WARNING * * *
The white imp gestures at you. The puff of frost hits you!
* * * LOW HITPOINT WARNING * * *
You miss Eustachio. Your headbutt misses Eustachio.
Eustachio is heavily wounded.
You hit the black bear. You hit the white imp.
Eustachio hits you but does no damage. You block the black bear's attack.
The black bear claws you but does no damage.
The black bear barely misses you. The white imp gestures at you.
The puff of frost misses you.
The black bear bites you but does no damage.
The black bear claws you but does no damage.
The black bear closely misses you. Eustachio closely misses you.
You furiously retaliate!
You headbutt Eustachio. You slash Eustachio!
Eustachio is severely wounded.
You slash the white imp!
You kill the white imp!
The white imp disappears in a puff of smoke!
You hit the black bear.
Eustachio gestures wildly while chanting.
The black bear barely misses you.
The black bear claws you but does no damage.
The black bear closely misses you.
You slash Eustachio! Your headbutt misses Eustachio.
Eustachio is almost dead.
You hit the black bear.
The black bear bites you but does no damage.
The black bear barely misses you.
The black bear claws you but does no damage.
Eustachio gestures wildly while chanting.
Eustachio blinks!
You block the ufetubus's attack. The ufetubus barely misses you.
The black bear bites you!
You die...

#.#. #.#. ...
##.. ..#
######.#
##......#
......5.##.##.#
......h@...:...
/......5....#.#
...............
........###....
........# .###
........# .
.@......# #
##.######


You could see Eustachio, a black bear, a shadow imp (summoned) and an ufetubus
(summoned).

Vanquished Creatures
  An ogre (D:5)
  An iguana (D:4)
  3 adders
  6 orcs
  8 ball pythons
  7 endoplasms
  A giant cockroach (D:1)
  A goblin (D:1)
  10 hobgoblins
  7 jackals
  6 kobolds
  3 quokkas
  A bat (D:3)
  2 frilled lizards (D:1)
  3 rats
60 creatures vanquished.

Notes
Turn   | Place    | Note
-------+----------+-------------------------------------------
     0 | D:1      | bmack86 the Minotaur Fighter began the quest for the Orb.
     0 | D:1      | Reached XP level 1. HP: 19/19 MP: 0/0
   168 | D:1      | Reached skill level 3 in Axes
   194 | D:1      | Reached XP level 2. HP: 26/26 MP: 1/1
   355 | D:1      | Reached skill level 4 in Axes
   986 | D:2      | Reached XP level 3. HP: 31/31 MP: 2/2
  1495 | D:3      | Found a runed translucent door.
  1497 | D:3      | Noticed a bullfrog
  1497 | D:3      | Noticed Sabo's ghost (amateur DsGl)
  1510 | D:3      | Reached skill level 5 in Axes
  1516 | D:3      | Found a runed translucent door.
  1677 | D:3      | Found a faded altar of an unknown god.
  1685 | D:3      | Reached XP level 4. HP: 39/39 MP: 3/3
  1747 | D:3      | Identified the +8 long sword of the Old World {heavy, rC+
                  | rCorr Dex+3}
  2095 | D:4      | Found a runed translucent gate.
  2096 | D:4      | Found a runed translucent gate.
  2097 | D:4      | Found a runed translucent gate.
  2433 | D:4      | Found a broken altar of Ashenzari.
  2439 | D:4      | Found a sacrificial altar of Ru.
  2646 | D:4      | Reached skill level 6 in Axes
  2767 | D:4      | Noticed SirDiesAlot's ghost (amateur OpSh)
  2767 | D:4      | Noticed an ice beast
  2814 | D:5      | Entered Level 5 of the Dungeon
  2830 | D:5      | Noticed an ogre
  2837 | D:5      | Killed an ogre
  2838 | D:5      | Reached skill level 7 in Axes
  2838 | D:5      | Reached XP level 5. HP: 45/45 MP: 4/4
  2854 | D:5      | Found a staircase to the Ecumenical Temple.
  2863 | Temple   | Entered the Ecumenical Temple
  2871 | Temple   | Became a worshipper of Warmaster Okawaru
  2904 | D:5      | Noticed Eustachio
  2907 | D:5      | Noticed a black bear
  2912 | D:5      | HP: 1/45 [white imp/puff of frost[Eustachio] (11)]
  2916 | D:5      | Slain by a black bear

Illustrated notes

Levels and vault maps discovered:
D:1:      wander_arrival_estate, layout_basic, dk_noncrumbling_2,
          wad_floor_pattern_untrapped
D:2:      layout_rooms
D:3:      layout_loops_ring, ebering_ghost_sewer_f,
          shapermc_ecumenical_altar_starsandcircs
D:4:      layout_cave_pods, mainiacjoe_overflow_large_starburst,
          gammafunk_ghost_icy
D:5:      layout_basic, minmay_temple_entry_gardened_gates,
          small_statue_intersection, kennysheep_pointless_box, uniq_eustachio,
          uniq_sigmund
Temple:   nicolae_temple_no_exploring_needed

Skill      XL: |  1  2  3  4 |
---------------+-------------+-----
Axes           | 3 4 5 7 |  7.1
Fighting       | |  3.6
Armour         | |  3.6
Shields        | |  3.6

Action                     |  1- 3 |  4- 6 || total
---------------------------+-------+-------++-------
  Melee: War axe           |    72 |    37 ||   109
         Headbutt          |     9 |     6 ||    15
  Throw: Boomerang         |       |    13 ||    13
    Use: Potion            |       |     1 ||     1
         Scroll            |       |    12 ||    12
 Armour: Scale mail        |    43 |    26 ||    69
  Dodge: Dodged            |    32 |    28 ||    60
  Block: Buckler           |    13 |     6 ||    19

Table legend: (Time is in decaauts)
 A = Elapsed time spent in this place.
 B = Non-inter-level travel time spent in this place.
 C = Inter-level travel time spent in this place.
 D = Time resting spent in this place.
 E = Time spent auto-exploring this place.
 F = Levels seen in this place.
 G = Mean time per level.
                   A        B        C        D        E       F      G
               +--------+--------+--------+--------+--------+-----+--------+
         Total |   2953 |   2845 |    108 |      0 |   2139 |   6 |  492.2 |
       Dungeon |   2936 |   2828 |    108 |      0 |   2139 |   5 |  587.2 |
        Temple |     16 |     16 |      0 |      0 |      0 |   1 |   16.0 |
               +--------+--------+--------+--------+--------+-----+--------+

Top non-repeatable levels by time:
     D:1: 949 daAuts
     D:4: 852 daAuts
     D:3: 630 daAuts
     D:2: 417 daAuts
     D:5: 88 daAuts
  Temple: 16 daAuts
